 Dungeon Crawl Stone Soup version 0.29.1-13-g9f3cf754e1 (webtiles) character file.

Game seed: 16368878555654179520

139 RapScallion the Chopper (level 5, 0/46 HPs)
             Began as a Hill Orc Fighter on Jan 20, 2023.
             Succumbed to a scorpion's poison
             ... on level 6 of the Dungeon.
             The game lasted 00:09:35 (2416 turns).

RapScallion the Chopper (Hill Orc Fighter)          Turns: 2416, Time: 00:09:35

Health: 0/46       AC:  7    Str: 21    XL:     5   Next: 22%
Magic:  5/5        EV:  9    Int:  8    God:
Gold:   72         SH:  5    Dex: 10    Spells: 4/4 levels left

rFire   . . .      SeeInvis +   e - +6 war axe (holy)
rCold   . . .      Faith    .   c - +1 buckler
rNeg    . . .      Spirit   .   b - +0 scale mail
rPois   .          Reflect  .   (no helmet)
rElec   .          Harm     .   (no cloak)
rCorr   .          Rampage  .   (no gloves)
Will    .....                   (no boots)
Stlth   ..........              (no amulet)
HPRegen 0.15/turn               g - ring of see invisible
MPRegen 0.09/turn               (no ring)

@: lethally poisoned (0 -> -5)
A: no striking features
a: no special abilities


You were on level 6 of the Dungeon.
You visited 1 branch of the dungeon, and saw 4 of its levels.

You collected 72 gold pieces.

Inventory:

Hand Weapons
 a - a +1 war axe
 e - a +6 war axe of holy wrath (weapon)
Armour
 b - a +0 scale mail (worn)
 c - a +1 buckler (worn)
Jewellery
 g - a ring of see invisible (left hand)
Scrolls
 k - 2 scrolls of teleportation
 m - a scroll of identify
Potions
 d - 2 potions of might
 f - a potion of attraction {unknown}
 h - 4 potions of curing
 i - a potion of invisibility {unknown}
 j - 2 potions of heal wounds {unknown}


   Skills:
 + Level 4.2 Fighting
 + Level 4.4 Axes
 + Level 4.3 Armour
 + Level 0.7 Dodging
 + Level 4.0 Shields


You had 4 spell levels left.
You didn't know any spells.
Your spell library was empty.

Dungeon Overview and Level Annotations

Branches:
Dungeon (3/15)

Altars:
The Shining One


Message History

You feel sick.
You feel sick.
You feel sick.
You feel sick. The scorpion attacks as you move away!
The scorpion stings you but does no damage.
You feel sick. The scorpion completely misses you.
You feel sick.
You feel sick.
You feel sick.
You are no longer poisoned.
The scorpion attacks as you move away! The scorpion closely misses you.
The scorpion stings you. The scorpion stings you.
The scorpion attacks as you move away! The scorpion closely misses you.
The scorpion stings you but does no damage.
The scorpion stings you but does no damage.
The scorpion attacks as you move away! The scorpion completely misses you.
You block the scorpion's attack. The scorpion attacks as you move away!
The scorpion stings you.
* * * LOW HITPOINT WARNING * * *
You hit the scorpion.
The scorpion is moderately wounded.
The scorpion stings you.
* * * LOW HITPOINT WARNING * * *
You are lethally poisoned!
The scorpion poisons you!
The scorpion stings you but does no damage.
Unknown command.
Unknown command.
Unknown command.
You slash the scorpion!
The scorpion is almost dead.
* * * LOW HITPOINT WARNING * * *
You feel very sick. The scorpion stings you.
* * * LOW HITPOINT WARNING * * *
You slash the scorpion!
You kill the scorpion!
You die...

##
#.....##...#
#.#
##.###......#
#..##..#
#......#
#....##
#..#######
##...# #.##
#.. ##..#
#h## ##..
##h.##
##.####..#
######†...#
##.....##
#....@###..#
##.####
####### #.#
### #.. #..
#.. #.


You could see a black bear.

Vanquished Creatures
  A scorpion (D:6)
  A hound (D:3)
  5 adders
  A worm (D:2)
  2 ball pythons (D:1)
  8 bats
  4 endoplasms
  5 giant cockroaches
  3 goblins
  6 hobgoblins
  2 jackals (D:1)
  10 kobolds
  2 quokkas
  2 frilled lizards (D:1)
  3 rats
55 creatures vanquished.

Vanquished Creatures (others)
  2 fungi (D:1)
  A plant (D:1)
3 creatures vanquished.

Grand Total: 58 creatures vanquished

Notes
Turn   | Place    | Note
-------+----------+-------------------------------------------
     0 | D:1      | RapScallion the Hill Orc Fighter began the quest for the
                  | Orb.
     0 | D:1      | Reached XP level 1. HP: 19/19 MP: 1/1
    92 | D:1      | Reached XP level 2. HP: 27/27 MP: 2/2
   521 | D:1      | Reached XP level 3. HP: 28/33 MP: 3/3
  1075 | D:1      | Found a faded altar of an unknown god.
  1249 | D:2      | Reached XP level 4. HP: 34/40 MP: 4/4
  2023 | D:3      | Identified a scroll of acquirement
  2023 | D:3      | Acquired a +6 war axe of holy wrath
  2097 | D:3      | Reached XP level 5. HP: 42/46 MP: 5/5
  2132 | D:3      | Found a glowing golden altar of the Shining One.
  2280 | D:3      | You fall into a shaft and drop 3 floors!
  2338 | D:6      | Noticed a black bear
  2415 | D:6      | HP: 1/46 [scorpion (2)]
  2416 | D:6      | Succumbed to a scorpion's poison

Illustrated notes

Levels and vault maps discovered:
D:1:      lightli_arrival_statue_moat, layout_loops_ring,
          shapermc_ecumenical_altar_petra, serial_park_tiny_2,
          kennysheep_another_room, minmay_misc_feat_four_crosses
D:2:      layout_basic
D:3:      layout_basic, nicolae_tso_carved_into_rock
D:6:      layout_layer_cave, minmay_ruined_shrine

Skill      XL: |  1  2  3  4 |
---------------+-------------+-----
Fighting       | 4 |  4.2
Axes           | 3 4 |  4.4
Armour         | 4 |  4.3
Shields        | 4 |  4.0
Dodging        | |  0.7

Action                   |  1- 3 |  4- 6 || total
-------------------------+-------+-------++-------
Melee: War axe           |    93 |    51 ||   144
  Use: Scroll            |       |     7 ||     7
Armor: Scale mail        |    40 |    33 ||    73
Dodge: Dodged            |    47 |    30 ||    77
Block: Buckler           |    21 |    17 ||    38
